 Dungeon Crawl Stone Soup version 0.22-a0-618-gd6a3efe (webtiles) character file.

12 Amnesiac the Digger (level 2, -1/19 HPs)
             Began as a Mummy Earth Elementalist on July 13, 2018.
             Slain by a hobgoblin (2 damage)
             ... on level 2 of the Dungeon.
             The game lasted 00:01:13 (993 turns).

Amnesiac the Digger (Mummy Earth Elementalist)       Turns: 993, Time: 00:01:14

Health: -1/19      AC:  2    Str: 11    XL:     2   Next: 20%
Magic:  4/5        EV: 12    Int: 14    God:
Gold:   17         SH:  0    Dex: 12    Spells: 3/6 levels left

rFire    x . .     SeeInvis .   a - -1 dagger (curse)
rCold    + . .     Gourm    .   (no shield)
rNeg     + + +     Faith    .   c - +0 robe
rPois    ∞         Spirit   .   (no helmet)
rElec    .         Reflect  .   (no cloak)
rCorr    .         Harm     .   (no gloves)
MR       .....                  (no boots)
Stlth    ++........             (no amulet)
HPRegen  0.06/turn              (no ring)
MPRegen  0.09/turn              (no ring)

@: no status effects
A: no food or potions, fire vulnerability, cold resistance 1, negative energy
resistance 3, torment resistance, unbreathing
a: no special abilities


You were on level 2 of the Dungeon.
You were not hungry.

You visited 1 branch of the dungeon, and saw 2 of its levels.

You collected 17 gold pieces.

Inventory:

Hand Weapons
 a - a cursed -1 dagger (weapon)
Missiles
 b - 35 stones (quivered)
Armour
 c - a +0 robe (worn)
Scrolls
 d - a scroll of magic mapping {!r, unknown}
 e - 3 scrolls of identify {!r, unknown}


   Skills:
 - Level 1.5 Dodging
 + Level 1.7 Stealth
 + Level 2.9 Spellcasting
 - Level 0.7 Transmutations
 * Level 2.9 Earth Magic


You had 3 spell levels left.
You knew the following spells:

 Your Spells              Type           Power        Failure   Level  Hunger
a - Sandblast             Erth           ##....       7%          1    N/A
b - Passwall              Tmut/Erth      #.......     16%         2    N/A

Your spell library contained the following spells:

 Spells                   Type           Power        Failure   Level  Hunger
 Stone Arrow              Conj/Erth      #.....       34%         3    N/A
 Lee's Rapid Deconstruct  Erth           ##........   88%         5    N/A
 Petrify                  Tmut/Erth      #.......     71%         4    N/A

Dungeon Overview and Level Annotations

Branches:
Dungeon (2/15)

Altars:
Wu Jian
Zin
The Shining One


Innate Abilities, Weirdness & Mutations

You do not eat or drink.
Your flesh is vulnerable to fire.
You are immune to poison.
Your flesh is cold resistant. (rC+)
You are immune to negative energy. (rN+++)
You are immune to unholy pain and torment.
You can survive without breathing.


Message History

HP restored.
Found an ornate altar of the Wu Jian Council.
Found a glowing silver altar of Zin.
Found a glowing golden altar of the Shining One.
A bat comes into view.
A bat is nearby!
The helpless bat fails to defend itself.
You puncture the bat!
You kill the bat!
You see here a bat corpse.
A hobgoblin comes into view.
The hobgoblin shouts!
Found 9 gold pieces.
An ooze comes into view.
You barely miss the hobgoblin. The hobgoblin hits you.
The ooze quivers.
You hit the hobgoblin but do no damage.
The hobgoblin hits you but does no damage.
You closely miss the hobgoblin. The hobgoblin hits you.
You barely miss the hobgoblin. The hobgoblin closely misses you.
You hit the hobgoblin but do no damage. The hobgoblin barely misses you.
You hit the hobgoblin.
The hobgoblin is heavily wounded.
The hobgoblin closely misses you.
You hit the hobgoblin.
The hobgoblin is almost dead.
The hobgoblin closely misses you.
You hit the hobgoblin but do no damage.
The hobgoblin is almost dead.
The hobgoblin hits you.
You closely miss the hobgoblin.
The hobgoblin is almost dead.
The hobgoblin hits you.
You barely miss the hobgoblin.
The hobgoblin is almost dead.
The hobgoblin barely misses you.
You barely miss the hobgoblin.
The hobgoblin is almost dead.
The hobgoblin hits you.
You closely miss the hobgoblin.
The hobgoblin is severely wounded.
The hobgoblin hits you.
* * * LOW HITPOINT WARNING * * *
You barely miss the hobgoblin.
The hobgoblin is severely wounded.
The hobgoblin closely misses you.
You hit the hobgoblin but do no damage.
The hobgoblin is severely wounded.
The hobgoblin hits you.
* * * LOW HITPOINT WARNING * * *
You hit the hobgoblin.
The hobgoblin is almost dead.
The hobgoblin hits you.
* * * LOW HITPOINT WARNING * * *
Casting: Sandblast (safe; 7% risk of failure)
Confirm with . or Enter, or press ? or * to list all spells.
Aiming: Sandblast (safe; 7% risk of failure)
Press: ? - help, Shift-Dir - straight line, f - hobgoblin
Aim: a hobgoblin (almost dead)
The blast of sand misses the hobgoblin.
The blast of sand hits the ooze.
The ooze is heavily wounded.
b - 35 stones The hobgoblin hits you.
You die...

### ###
#.########.#######
#†......##........
#.#####.##.#### # #...#
#.......# .#
###.#####.....######.#
#Jg@.........#.....#
......#........._.......#
......#.................#
..$...#...._..♣.........#
......#.................#
......#####....._.....###
...... #...........#
.............###
.......#........


You could see an ooze and a hobgoblin.

Vanquished Creatures
  2 giant cockroaches (D:1)
  A hobgoblin (D:1)
  A jackal (D:1)
  3 bats
  2 frilled lizards (D:1)
  A goblin (D:1)
  2 rats (D:1)
12 creatures vanquished.

Notes
Turn   | Place    | Note
-------+----------+-------------------------------------------
     0 | D:1      | Amnesiac the Mummy Earth Elementalist began the quest for the Orb.
     0 | D:1      | Reached XP level 1. HP: 13/13 MP: 4/4
   740 | D:1      | Reached XP level 2. HP: 9/19 MP: 5/5
   850 | D:1      | Learned a level 2 spell: Passwall
   948 | D:2      | Found an ornate altar of the Wu Jian Council.
   949 | D:2      | Found a glowing silver altar of Zin.
   953 | D:2      | Found a glowing golden altar of the Shining One.
   993 | D:2      | Slain by a hobgoblin

Vault maps used:
D:1:      dpeg_arrival_erosion, minmay_bisected
D:2:      kennysheep_six_static_rooms, grunt_temple_overflow_open

Action                   || total
-------------------------++-------
Melee: Unarmed           ||    46
       Dagger            ||    38
 Cast: Sandblast         ||     3
 Stab: Sleeping          ||     2
Armor: Robe              ||    12
Dodge: Dodged            ||    52

Table legend:
 A = Spawn XP
 B = Non-spawn XP
 C = Spawn XP percentage of total XP
 D = Spawn monster count
 E = Non-spawn monster count
 F = Spawn count percentage of total count
 G = Total turns spent on level
                    A         B        C        D         E        F      G
               +---------+---------+-------+---------+---------+-------+---------
         Total |       0 |      18 |   0.0 |       0 |      12 |   0.0 |   993
               +---------+---------+-------+---------+---------+-------+---------
           D:1 |       0 |      16 |   0.0 |       0 |      11 |   0.0 |   916
           D:2 |       0 |       2 |   0.0 |       0 |       1 |   0.0 |    77
               +---------+---------+-------+---------+---------+-------+---------
